AoeStats
← Osan

Nomad

508469778Analyzed
3v3 RM · 10d ago on Sep 22, 2026· 41m 59s· 6 players
Game mode
Random Map
Map size
210×210
Population
200
Speed
Normal
Resources
Standard
Victory
Conquest
Starting age
Dark Age
Ending age
Imperial Age
RankedLock teamsTeams togetherTeam positionsShared explorationLock speedFull tech treeHidden civsTurbo modeCheats
Victory
Defeat
🇷🇺 Vikings · Russia
1225
+13
🇷🇺 Sicilians · Russia
1201
+14
🇷🇺 Koreans · Russia
1109
+16
🇺🇸 Varangians · United States
1165
-15
🇷🇴 Huns · Romania
1141
-14
1133
-14
MRP9NDA
7:21 Loom
14:09 Feudal Age
18:43 Double-Bit Axe
21:37 Castle Age
20:03 Fletching
22:32 Bow Saw
24:27 Fishing Lines
28:12 Horse Collar
29:35 Gold Mining
30:33 Bodkin Arrow
31:45 Gillnets
34:11 Ballistics
35:33 Medium Warships
38:54 Imperial Age
37:01 Wheelbarrow
37:35 Thumb Ring
38:08 Bloodlines
39:17 Padded Archer Armor
40:02 Gold Shaft Mining
39:18 Stone Mining
40:33 Heavy Plow
41:34 Two-Man Saw
41:24 Bracer
位技术水平平平但策略
6:34 Loom
13:50 Feudal Age
19:40 Castle Age
25:56 Fletching
26:27 Town Watch
27:07 Bodkin Arrow
27:47 Double-Bit Axe
31:08 Ballistics
34:23 Wheelbarrow
36:00 Gold Mining
42:38 Imperial Age
41:28 Hand Cart
dingus
10:22 Loom
13:07 Feudal Age
15:39 Double-Bit Axe
18:07 Castle Age
16:20 Horse Collar
20:02 Bow Saw
22:00 Forging
26:35 Town Watch
29:16 Bloodlines
29:06 Husbandry
31:54 Scale Barding Armor
35:43 Imperial Age
36:56 Conscription
38:53 Chain Barding Armor
39:08 Iron Casting
39:55 Conscription
39:34 Elite Jarl
[Opa] GuDock
5:22 Loom
14:19 Feudal Age
21:01 Castle Age
19:50 Double-Bit Axe
23:21 Bow Saw
23:12 Gold Mining
23:13 Stone Mining
24:33 Wheelbarrow
25:29 Medium Warships
25:07 Crossbowman
29:05 Fletching
32:36 Bodkin Arrow
39:09 Imperial Age
38:25 Scale Mail Armor
40:17 Thumb Ring
39:33 Arbalester
41:28 Chemistry
41:17 Hand Cart
Osan
5:02 Loom
13:22 Feudal Age
17:07 Double-Bit Axe
20:41 Castle Age
18:51 Horse Collar
21:09 Fletching
21:22 Padded Archer Armor
22:01 Bow Saw
22:55 Bodkin Arrow
23:20 Leather Archer Armor
23:17 Bloodlines
23:13 Husbandry
25:38 Wheelbarrow
26:53 Hand Cart
26:24 Town Watch
26:35 Gold Mining
26:37 Stone Mining
28:40 Ballistics
28:18 Murder Holes
31:45 Forging
31:42 Squires
34:48 Gambesons
35:43 Iron Casting
38:21 Imperial Age
38:00 First Crusade
39:13 Elite Serjeant
41:44 Blast Furnace
40:55 Cranequins
42:21 Gold Shaft Mining
сашка фермер
4:51 Loom
13:18 Feudal Age
14:08 Double-Bit Axe
14:13 Horse Collar
18:37 Castle Age
16:37 Stone Mining
17:45 Forging
17:37 Scale Mail Armor
18:21 Gold Mining
20:10 Chain Mail Armor
24:07 Gold Shaft Mining
23:26 Arson
32:04 Imperial Age
31:04 Fletching
31:49 Iron Casting
33:16 Bodkin Arrow
33:49 Conscription
36:38 Bracer
37:29 Heavy Scorpion
43:09 Chemistry
42:29 Ballistics
Connection lost

Rejoining the realm…

Still unreachable

The connection could not be restored.

Session expired

The server has moved on; the page needs a fresh start.